 Dungeon Crawl Stone Soup version 0.29-a0-234-g0dae59b3db (webtiles) character file.

Game seed: 11756594836155297362

805 Aksej the Skirmisher (level 7, -3/59 HPs)
             Began as a Demonspawn Monk on Mar 3, 2022.
             Was a Follower of Ru.
             Slain by a water moccasin zombie (6 damage)
             ... on level 5 of the Dungeon.
             The game lasted 00:10:57 (6346 turns).

Aksej the Skirmisher (Demonspawn Monk)              Turns: 6346, Time: 00:10:57

Health: -3/59      AC:  6    Str: 11    XL:     7   Next: 60%
Magic:  7/7        EV: 14    Int: 12    God:    Ru [*.....]
Gold:   318        SH:  0    Dex: 17    Spells: 5/6 levels left

rFire   . . .      SeeInvis .   a - +4 flail
rCold   + . .      Faith    .   (no shield)
rNeg    . . .      Spirit   .   b - +1 robe
rPois   .          Reflect  .   (no helmet)
rElec   .          Harm     .   d - scarf {shadows}
rCorr   .          Rampage  .   (no gloves)
Will    .....                   (no boots)
Stlth   +++.......              (no amulet)
HPRegen 0.19/turn               (no ring)
MPRegen 0.10/turn               (no ring)

@: no status effects
A: claws 1, rugged brown scales 3, inability to train armour, cold resistance 1
a: Renounce Religion


You were on level 5 of the Dungeon.
You worshipped Ru.
Ru was aware of your devotion.
You visited 2 branches of the dungeon, and saw 6 of its levels.

You collected 318 gold pieces.

Inventory:

Hand Weapons
 a - a +4 flail (weapon)
Missiles
 f - a boomerang (quivered)
Armour
 b - a +1 robe (worn)
 d - a scarf of shadows (worn)
Wands
 e - a wand of polymorph (7)
Scrolls
 c - a scroll of blinking
 j - a scroll of summoning {unknown}
 k - a scroll of vulnerability {unknown}
Potions
 g - a potion of cancellation {unknown}
 h - a potion of flight


   Skills:
 * Level 5.6 Fighting
 + Level 5.4 Maces & Flails
 + Level 0.3 Throwing
 + Level 4.1 Dodging
 + Level 3.4 Stealth
 + Level 0.1 Spellcasting
 + Level 0.6 Necromancy


You had 5 spell levels left.
You knew the following spells:

 Your Spells              Type           Power      Damage    Failure   Level
a - Animate Skeleton      Necr           2%         N/A       26%         1

Your spell library contained the following spells:

 Spells                   Type           Power      Damage    Failure   Level
 Pain                     Necr           4%         1d4       26%         1
 Vampiric Draining        Necr           1%         2d6       58%         3
 Ignite Poison            Fire/Tmut/Pois 0%         N/A       69%         3
 Inner Flame              Hex/Fire       0%         N/A       69%         3
 Shatter                  Erth           0%         3d5*      100%        9


Dungeon Overview and Level Annotations

Branches:
Dungeon (5/15)             Temple (1/1) D:4

Altars:
Cheibriados
Dithmenos
Elyvilon
Fedhas
Gozag
Hepliaklqana
Kikubaaqudgha
Makhleb
Nemelex Xobeh
Okawaru
Qazlal
Ru
Sif Muna
Uskayaw
Vehumet
Wu Jian
Xom
Yredelemnul
Zin
The Shining One


Innate Abilities, Weirdness & Mutations

You have sharp fingernails.
You are completely covered in rugged brown scales. (AC +3, +7% HP)
You cannot train Armour skill.
Your flesh is cold resistant. (rC+)


Message History

Press: ? - help, Q - select action, (/) - cycle Shift-Dir - straight line, f/p - ogre
Aim: an ogre, wielding a +0 giant club (76% to hit)
You throw a boomerang. The boomerang hits the ogre.
The ogre is lightly wounded.
You hit the ogre.
The ogre is moderately wounded.
The ogre hits you with a +0 giant club!
You sock the ogre!
The ogre is heavily wounded.
The ogre hits you with a +0 giant club!
You barely miss the ogre.
The ogre is heavily wounded.
The ogre hits you with a +0 giant club!
You hit the ogre.
The ogre is severely wounded.
The ogre misses you.
You sock the ogre! You claw the ogre, but do no damage.
The ogre is almost dead.
The ogre closely misses you.
You completely miss the ogre.
The ogre is almost dead.
The ogre hits you with a +0 giant club!!
* * * LOW HITPOINT WARNING * * *
You barely miss the ogre.
The ogre is almost dead.
You hit the ogre.
You kill the ogre!
A water moccasin zombie comes into view.
You thump the water moccasin zombie!
The water moccasin zombie is lightly damaged.
The water moccasin zombie bites you.
* * * LOW HITPOINT WARNING * * *
You hit the water moccasin zombie.
The water moccasin zombie is moderately damaged.
A hound zombie comes into view.
The water moccasin zombie misses you.
The hound zombie moves out of view.
You hit the water moccasin zombie.
The water moccasin zombie is moderately damaged.
The water moccasin zombie bites you.
You die...

..# #..o. ##...... #.# ...
...#..### #.##.##
#####...... #..<..#
..####........### ###.#.##
#....... ###....#
###....###.......##...#..#
..##8..8#...#.###...###
P.). ....8.......#.##.)###
[≈≈ #....888...##..#@## ≈≈
####....#.......Z# ≈
###....####.#......
#.#....##...###.#
#..###.......# #..#
#.####.. #...# ...# #.#
#.#.. .# .# ># ..##.


You could see a water moccasin zombie.

Vanquished Creatures
  An orc warrior (D:5)
  A black bear (D:4)
  An ogre (D:5)
  2 scorpions (D:4)
  A water moccasin skeleton (D:5)
  A jelly (D:4)
  Crazy Yiuf (D:2)
  An orc priest (D:5)
  2 hounds (D:4)
  Terence (D:2)
  An iguana (D:4)
  An orc wizard (D:5)
  3 gnolls (D:4)
  3 adders
  A shadow imp (D:5)
  A white imp (D:5)
  A worm (D:4)
  3 dart slugs
  9 orcs
  2 ball pythons
  5 endoplasms
  3 giant cockroaches
  7 hobgoblins
  6 jackals
  4 kobolds
  2 quokkas
  3 bats
  4 frilled lizards
  6 goblins
  11 rats
88 creatures vanquished.

Vanquished Creatures (others)
  A withered plant (D:5)
1 creature vanquished.

Grand Total: 89 creatures vanquished

Notes
Turn   | Place    | Note
-------+----------+-------------------------------------------
     0 | D:1      | Aksej the Demonspawn Monk began the quest for the Orb.
     0 | D:1      | Reached XP level 1. HP: 18/18 MP: 1/1
   564 | D:1      | Gained mutation: You have sharp fingernails. [demonic
                  | ancestry]
   564 | D:1      | Reached XP level 2. HP: 21/24 MP: 2/2
   935 | D:1      | Found a faded altar of an unknown god.
  1329 | D:2      | Reached XP level 3. HP: 22/29 MP: 3/3
  1414 | D:2      | Noticed Terence
  1426 | D:2      | Killed Terence
  1734 | D:2      | Gained mutation: You are partially covered in rugged brown
                  | scales. (AC +1, +3% HP) [demonic ancestry]
  1734 | D:2      | Reached XP level 4. HP: 17/38 MP: 4/4
  1949 | D:2      | Found a runed translucent door.
  1950 | D:2      | Noticed Crazy Yiuf
  1960 | D:2      | Killed Crazy Yiuf
  2203 | D:2      | Found a snail-covered altar of Cheibriados.
  3460 | D:3      | Gained mutation: You are mostly covered in rugged brown
                  | scales. (AC +2, +5% HP) [demonic ancestry]
  3460 | D:3      | Reached XP level 5. HP: 37/44 MP: 5/5
  3847 | D:3      | Got Sif Muna's Almanac of Ignition and the Rocks
  4288 | D:4      | Gained mutation: You are completely covered in rugged brown
                  | scales. (AC +3, +7% HP) [demonic ancestry]
  4288 | D:4      | Reached XP level 6. HP: 11/52 MP: 6/6
  4671 | D:4      | Learned a level 1 spell: Animate Skeleton
  4769 | D:4      | Reached skill level 5 in Fighting
  4981 | D:4      | Found a staircase to the Ecumenical Temple.
  5005 | Temple   | Entered the Ecumenical Temple
  5176 | Temple   | Became a worshipper of Ru the Awakened
  5186 | Temple   | Gained mutation: You cannot train Armour skill. [Ru
                  | sacrifice]
  5186 | Temple   | Reached * piety under Ru
  5767 | D:4      | Gained mutation: Your flesh is cold resistant. (rC+)
                  | [potion of mutation]
  5771 | D:4      | Reached XP level 7. HP: 59/59 MP: 7/7
  5905 | D:5      | Entered Level 5 of the Dungeon
  5983 | D:5      | Reached skill level 5 in Maces & Flails
  6346 | D:5      | Slain by a water moccasin zombie

Illustrated notes

Levels and vault maps discovered:
D:1:      minmay_arrival_diagonal_passages, layout_rooms,
          hellmonk_ecumenical_altar_dog_temple, chequers_serial_rivers_micro_c,
          minmay_misc_feat_room, minmay_misc_feat_enclosed,
          minmay_rat_gold_closets
D:2:      layout_basic, basic_altar, kennysheep_generic_room_4, uniq_terence,
          uniq_crazy_yiuf_cottage
D:3:      layout_basic
D:4:      layout_loops_ring, minmay_temple_entry_mist
D:5:      layout_rooms, cheibrodos_ashenzari_chains, serial_undead,
          serial_undead_a, serial_undead_e, serial_undead_f, serial_undead_c
Temple:   regret_index_temple_chain_breaker

Skill      XL: |  1  2  3  4  5  6  7 |
---------------+----------------------+-----
Stealth        | 2 3 |  3.4
Maces & Flails | 3 4 5 |  5.4
Dodging        | 3 4 |  4.1
Fighting       | 4 5 |  5.6
Throwing       | |  0.3
Spellcasting   | |  0.1
Necromancy     | |  0.6

Action                   |  1- 3 |  4- 6 |  7- 9 || total
-------------------------+-------+-------+-------++-------
Melee: Mace              |    94 |    82 |       ||   176
       Flail             |       |    89 |    42 ||   131
       Punch             |       |     1 |     2 ||     3
Throw: Boomerang         |       |     3 |     5 ||     8
 Cast: Animate Skeleton  |       |     2 |       ||     2
Invok: Sacrifice Durabil |       |     1 |       ||     1
  Use: Scroll            |     2 |     6 |     2 ||    10
       Potion            |     1 |     4 |     1 ||     6
 Stab: Sleeping          |     8 |    12 |       ||    20
Armor: Robe              |     9 |    31 |     6 ||    46
Dodge: Dodged            |    75 |    94 |    19 ||   188

Table legend: (Time is in decaauts)
 A = Elapsed time spent in this place.
 B = Non-inter-level travel time spent in this place.
 C = Inter-level travel time spent in this place.
 D = Time resting spent in this place.
 E = Time spent auto-exploring this place.
 F = Levels seen in this place.
 G = Mean time per level.
                   A        B        C        D        E       F      G
               +--------+--------+--------+--------+--------+-----+--------+
         Total |   6405 |   6166 |    239 |      0 |   5211 |   6 | 1067.5 |
       Dungeon |   6195 |   5994 |    201 |      0 |   5084 |   5 | 1239.0 |
        Temple |    210 |    172 |     38 |      0 |    127 |   1 |  210.0 |
               +--------+--------+--------+--------+--------+-----+--------+

Top non-repeatable levels by time:
     D:2: 1660 daAuts
     D:3: 1466 daAuts
     D:1: 1322 daAuts
     D:4: 1297 daAuts
     D:5: 448 daAuts
  Temple: 210 daAuts
